 Dungeon Crawl Stone Soup version 0.30-a0-702-gdf48620a09 (webtiles) character file.

Game seed: 17089060807558854343

50 tkbsonic5 the Chiller (level 3, -5/26 HPs)
             Began as a Merfolk Ice Elementalist on Jan 22, 2023.
             Killed by divine providence
             ... invoked by an orc priest
              (10 damage)
             ... on level 3 of the Dungeon.
             The game lasted 00:05:11 (1508 turns).

tkbsonic5 the Chiller (Merfolk Ice Elementalist)    Turns: 1508, Time: 00:05:11

Health: -5/26      AC:  2    Str:  6 (8)  XL:     3   Next: 79%
Magic:  4/6        EV: 13    Int: 11 (14) God:
Gold:   103        SH:  0    Dex: 20 (22) Spells: 2/6 levels left

rFire   . . .      SeeInvis .    d - +0 dagger (holy)
rCold   . . .      Faith    .    (no shield)
rNeg    . . .      Spirit   .    a - +0 robe
rPois   .          Reflect  .    (no helmet)
rElec   .          Harm     .    (no cloak)
rCorr   .          Rampage  .    (no gloves)
Will    .....                    (no boots)
Stlth   ++                       (no amulet)
HPRegen 0.24/turn                i - +6 ring of dexterity
MPRegen 0.10/turn                (no ring)

@: weak-willed, freezing walls
A: (nimble swimmer 2), mertail
a: no special abilities


You were on level 3 of the Dungeon.
You visited 1 branch of the dungeon, and saw 3 of its levels.

You collected 103 gold pieces.

Inventory:

Hand Weapons
 d - a +0 dagger of holy wrath (weapon)
 f - a +0 dagger
Armour
 a - a +0 robe (worn)
Jewellery
 i - a +6 ring of dexterity (left hand)
Scrolls
 c - 2 scrolls of identify
 g - a scroll of teleportation {unknown}
 h - a scroll of silence {unknown}
 l - a scroll of immolation {unknown}
Potions
 e - a potion of flight
 m - a potion of brilliance {unknown}
 n - a potion of might {unknown}


   Skills:
 * Level 1.4 Fighting
 + Level 0.2 Throwing
 * Level 3.1 Dodging
 - Level 2.4 Stealth
 + Level 1.0 Unarmed Combat
 * Level 2.3 Spellcasting
 * Level 4.7 Ice Magic


You had 2 spell levels left.
You knew the following spells:

 Your Spells              Type           Power      Damage    Failure   Level
a - Freeze                Ice            44%        1d6       4%          1
b - Frozen Ramparts       Ice            22%        1d4       12%         3

Your spell library contained the following spells:

 Spells                   Type           Power      Damage    Failure   Level
 Apportation              Tloc           2%         N/A       28%         1
 Ozocubu's Armour         Ice            11%        N/A       12%         3
 Summon Ice Beast         Ice/Summ       6%         N/A       71%         4
 Alistair's Intoxication  Tmut/Pois      0%         N/A       100%        5


Dungeon Overview and Level Annotations

Branches:
Dungeon (3/15)

Altars:


Innate Abilities, Weirdness & Mutations

((You are very nimble when in or above water. (Stealth+, EV+, Speed+++)))
Your lower body shifts to a powerful aquatic tail in water.


Message History

Okay, then.
The orc priest invokes the aid of Beogh against you.
Pain shoots through your body!
Ouch! That really hurt!
You feel much better.
The frozen ramparts melt away.
The orc priest invokes the aid of Beogh against you.
Beogh smites you! Magic courses through your body. The orc misses you.
Casting: Freeze (safe; 3% risk of failure)
Confirm with . or Enter, or press ? or * to list all spells.
The spell is quite dangerous to miscast (10% risk of failure)!
Continue anyway?
Casting: Frozen Ramparts (quite dangerous; 10% risk of failure)
Press: ? - help, Dir - look around, f - activate The walls around you are covered in ice.
The wall freezes the orc.
The orc hits you but does no damage.
The orc priest calls upon Beogh to heal the orc.
The orc's wounds heal themselves!
It was a potion of degeneration.
There was something very wrong with that liquid.
You feel weakened.
You feel dopey.
You feel clumsy.
The wall freezes the orc.
The orc misses you.
As you read the scroll labelled REPRAT ZUVESUP, it crumbles to dust.
It is a scroll of identify.
e - a potion of flight The wall freezes the orc.
The orc completely misses you.
The wall freezes the orc priest.
The orc priest invokes the aid of Beogh against you.
Beogh smites you!
* * * LOW HITPOINT WARNING * * *
Okay, then.
Okay, then.
Okay, then.
As you read the scroll labelled TOABES XIDDUA, it crumbles to dust.
Magic quickly surges around you.
It was a scroll of vulnerability.
The wall freezes the orc.
You kill the orc!
The wall freezes the orc priest.
The orc priest calls down the wrath of Beogh upon you.
Beogh smites you!
You die...

#.#.........#........
#.###.......##.......
#.# #................
########.#
##.......##.#####
..#......# #.......##.
.........## #.....#.##
..........###.......##.
.........†.##..........
...........@#.......#..
............)o..)......
♣♣♣♣♣♣.............##..
♣♣.............#
♣................
♣.....#..........
♣(...........:..#
♣.......#...#....
♣.....(.####..#..


You could see an orc priest (weak-willed).

Vanquished Creatures
  2 adders
  6 orcs (D:3)
  A giant cockroach (D:2)
  A goblin (D:2)
  2 hobgoblins
  5 kobolds
  A quokka (D:1)
  3 ball pythons
  3 bats
  A frilled lizard (D:2)
  4 rats
29 creatures vanquished.

Notes
Turn   | Place    | Note
-------+----------+-------------------------------------------
     0 | D:1      | tkbsonic5 the Merfolk Ice Elementalist began the quest for
                  | the Orb.
     0 | D:1      | Reached XP level 1. HP: 13/13 MP: 3/3
   185 | D:1      | You fall into a shaft and drop 1 floor!
   192 | D:2      | Reached XP level 2. HP: 20/20 MP: 5/5
   330 | D:2      | Reached skill level 1 in Fighting
   737 | D:2      | Reached XP level 3. HP: 26/26 MP: 6/6
   858 | D:2      | Learned a level 3 spell: Frozen Ramparts
  1280 | D:3      | Reached skill level 1 in Unarmed Combat
  1508 | D:3      | Killed from afar by an orc priest

Illustrated notes

Levels and vault maps discovered:
D:1:      saegor_arrival_simple_d, layout_loops_ring
D:2:      layout_basic
D:3:      layout_rooms, kennysheep_decorative_pillar, uniq_terence

Skill      XL: |  1  2  3 |
---------------+----------+-----
Fighting       | 1 |  1.4
Dodging        | 3 |  3.1
Unarmed Combat | 1 |  1.0
Throwing       | |  0.2
Stealth        | |  2.4
Spellcasting   | |  2.3
Ice Magic      | |  4.7

Action                   || total
-------------------------++-------
Melee: Unarmed           ||     1
       Dagger            ||    29
Throw: Javelin           ||    28
       Dart              ||    16
 Cast: Freeze            ||    15
       Frozen Ramparts   ||     5
  Use: Potion            ||     4
       Scroll            ||     2
Armor: Robe              ||     8
Dodge: Dodged            ||    34

Table legend: (Time is in decaauts)
 A = Elapsed time spent in this place.
 B = Non-inter-level travel time spent in this place.
 C = Inter-level travel time spent in this place.
 D = Time resting spent in this place.
 E = Time spent auto-exploring this place.
 F = Levels seen in this place.
 G = Mean time per level.
                   A        B        C        D        E       F      G
               +--------+--------+--------+--------+--------+-----+--------+
         Total |   1518 |   1431 |     87 |      0 |   1217 |   3 |  506.0 |
       Dungeon |   1518 |   1431 |     87 |      0 |   1217 |   3 |  506.0 |
               +--------+--------+--------+--------+--------+-----+--------+

Top non-repeatable levels by time:
     D:2: 1042 daAuts
     D:3: 289 daAuts
     D:1: 186 daAuts
